[Event "*** Titled Tuesday Blitz"]
[Site "Chess.com"]
[Date "2020.04.14"]
[Round "2"]
[White "tornikesanikidze"]
[Black "NewBornNow"]
[Result "1/2-1/2"]
[WhiteElo "2333"]
[BlackElo "2656"]
[TimeControl "180+1"]
[EndTime "10:18:16 PDT"]
[Termination "Game drawn by stalemate"]

1. d4 d6 2. Nf3 Nf6 3. c4 g6 4.
Nc3 Bf5 5. Ng5 Bg7 6. e4 Bc8 7. Nf3 O-O 8. Be2 e5 9. O-O exd4 10. Nxd4 Nc6 11. Be3 Re8 12. f3 Nh5 13. Qd2 Nf4 14. Nxc6 Nxe2+ 15. Nxe2 bxc6 16. Bd4 f6 17. Rad1 Be6 18. b3 Qe7 19. Rfe1 a5 20. Nc3 c5 21. Be3 Qf7 22. Re2 f5 23. exf5 Bxf5 24. Rde1 h5 25. Nd5 c6 26. Nb6 Ra6 27. Na4 Re6 28. Bf2 Rxe2 29.
Rxe2 Bf8 30. h3 Ra8 31. g4 hxg4 32. hxg4 Be6 33. Kg2 Re8 34. Qxa5 Bg7 35. Qd2 Rf8 36. Qe3 Re8 37. Qd3 d5 38. Nxc5 dxc4 39. bxc4 Bc8 40.
Rxe8+ Qxe8 41. Qe4 Qxe4 42. Nxe4 Be6 43. Nd2 Bc3 44.
Be3 Bxd2 45. Bxd2 Bxc4 46. a4 Kf7 47. a5 Ke6 48. Kf2 Kd5 49. Ke3 c5 50. Kf4 Bd3 51. Kg5 Kc6 52. f4 Kb5 53. Kf6 Be2 54. f5 gxf5 55. gxf5 Bd3 56. Ke5 Bxf5 57. Kxf5 Ka6 58. Ke5 Kb7 59. Kd5 Ka8 60. Kc6 c4 61. Bc3 Ka7 62. Kb5 Ka8 63. a6 Ka7 64. Ka5 Ka8 65.
Kb6 Kb8 66. Be5+ Ka8 67. a7 c3 68. Bxc3 1/2-1/2

[Event "*** Titled Tuesday Blitz"]
[Site "Chess.com"]
[Date "2020.04.14"]
[Round "2"]
[White "kungmongmanh"]
[Black "kaumandur01"]
[Result "0-1"]
[WhiteElo "2551"]
[BlackElo "2795"]
[TimeControl "180+1"]
[EndTime "10:18:17 PDT"]
[Termination "kaumandur01 won by resignation"]

1. d4 Nf6 2. c4 g6 3. Nc3 Bg7 4. e4 d6 5. Nf3 O-O 6. Be2 e5 7. O-O Nc6 8. d5 Ne7 9. Ne1 c5 10. Be3 Ne8 11. a3 f5 12. f3 f4 13. Bf2 g5 14. b4 b6 15. Nd3 h5 16. a4 a5 17. bxc5 bxc5 18. Rb1 Rf6 19. Qb3 Ba6 20. Rfc1 Rg6 21. Qb6 Qd7 22. Qxa5 g4 23. Rb6 Nc7 24. Bxc5 Bxc4 25. Qb4 Bxd3 26. Bxd6 Bxe2 27. Bxc7 gxf3 28. Rxg6 Nxg6 29. Nxe2 fxe2 30. d6 f3 31. gxf3 Nf4 32.
Qc4+ Kh8 33. Kf2 Qh3 34. Re1 Qxh2+ 35. Ke3 Ng2+ 36. Kxe2 Nxe1+ 37. Kxe1 Qg1+ 38. Kd2 Qf2+ 39. Kc3 Qxf3+ 40. Kb4 Bf8 41. Qd5 Rc8 42. Kb5 Qe2+ 43. Kc6 Qa6+ 44. Kd7 Bg7 45. Qf7 Rf8 46. Qxh5+ Kg8 47.
Qg6 Qxa4+ 48. Ke6 Qc4+ 49. Kd7 Rf7+ 50. Kd8 Qc6 51. Qe6 Qa8+ 52. Qc8 Rf8+ 53. Kd7 Qxc8+ 0-1

[Event "*** Titled Tuesday Blitz"]
[Site "Chess.com"]
[Date "2020.04.14"]
[Round "2"]
[White "Olga_Girya"]
[Black "RuperezA"]
[Result "0-1"]
[WhiteElo "2469"]
[BlackElo "2259"]
[TimeControl "180+1"]
[EndTime "10:18:17 PDT"]
[Termination "RuperezA won by resignation"]

1. d4 e6 2. c4 Nf6 3. Nf3 d5 4. Nc3 Ke7 5. Bf4 c6 6. e3 Nbd7 7. Bd3 Nh5 8. O-O Nxf4 9. exf4 f6 10. f5 dxc4 11. Bxc4 Nb6 12. Bxe6 Bxe6 13. Re1 g5 14. Rxe6+ Kf7 15. Qb3 Kg7 16. a4 Qd7 17. Rae1 Rd8 18. Ne4 Nd5 19. Nexg5 fxg5 20. f6+ Kg8 21. Nxg5 Bb4 22.
Qg3 Kf8 23. R1e4 h6 24. Nf3 Rh7 25. Ne5 Qc7 26. Ng6+ Kf7 27. Re7+ Bxe7 28. Rxe7+ Nxe7 29. Qxc7 Kxg6 30. Qxd8 Kxf6 31. h4 Rf7 32. Qd6+ Kg7 33. Qd7 Nd5 34. Qg4+ Kh7 35. h5 Rg7 36. Qf5+ Kh8 37. Qe6 Kh7 38. Qe8 Rc7 39. Kh2 Rg7 40. g3 Nf6 41. Qe5 Ng4+ 42. Kh3 Nxe5 43. dxe5 Rg5 44.
f4 Rxh5+ 45. Kg4 Rh1 46. Kf5 Kg7 47. Ke6 Rg1 48. f5 Rxg3 49. Ke7 Rf3 50. f6+ Kg6 51.
a5 h5 52. b4 h4 53. e6 Rxf6 54. Kd7 Rxe6 55. Kxe6 h3 0-1

[Event "*** Titled Tuesday Blitz"]
[Site "Chess.com"]
[Date "2020.04.14"]
[Round "2"]
[White "kleopl"]
[Black "BelaKis"]
[Result "1-0"]
[WhiteElo "2395"]
[BlackElo "2082"]
[TimeControl "180+1"]
[EndTime "10:18:17 PDT"]
[Termination "kleopl won on time"]

1. c4 g6 2. Nc3 Bg7 3. g3 e5 4.
Bg2 Nc6 5. e3 d6 6. Nge2 h5 7.
h4 Bg4 8. f3 Bd7 9. d4 exd4 10.
exd4 Nh6 11. Bg5 f6 12. Bf4 O-O 13. Qd2 Kh7 14. O-O-O a6 15. d5 Na5 16. Qd3 b5 17. cxb5 axb5 18. Nxb5 Qb8 19. Nbd4 Qb6 20. Rd2 Rfb8 21.
Be3 c5 22. dxc6 Nxc6 23. Kb1 Nf5 24. Nxf5 Bxf5 25. Bxb6 Bxd3+ 26. Rxd3 Rxb6 27. Rxd6 f5 28. b3 Rba6 29. Nc1 Nb4 30. Rxa6 Rxa6 31. Bf1 Rd6 32. Rh2 Rd1 33. Bc4 Nc6 34. a4 Ne5 35. Be2 Rd2 36. Rg2 Nc6 37. Bf1 Rd1 38. Bb5 Nd4 39. Bc4 Nxf3 40. a5 Nd2+ 41. Kc2 Nxc4 42. bxc4 Rd6 43. Rd2 Ra6 44. Rd5 Kg8 45. Nb3 Kf7 46. Rb5 Ra8 47. Rb7+ Kf8 48. Rb6 Be5 49. a6 f4 50. gxf4 Bxf4 51.
Rf6+ Ke7 52. Rxf4 Kd6 53. c5+ Kd5 54. Rf6 Kc4 55. Rxg6 1-0

[Event "*** Titled Tuesday Blitz"]
[Site "Chess.com"]
[Date "2020.04.14"]
[Round "2"]
[White "Fy_Rakotomaharo"]
[Black "GMNeiksans"]
[Result "0-1"]
[WhiteElo "2576"]
[BlackElo "2857"]
[TimeControl "180+1"]
[EndTime "10:18:18 PDT"]
[Termination "GMNeiksans won by resignation"]

1. e4 c5 2. Nf3 e6 3. d4 cxd4 4. Nxd4 Nc6 5. Nc3 Qc7 6. g3 Nf6 7. Bg2 a6 8. O-O Bb4 9. Bg5 h6 10. Bxf6 gxf6 11. Nce2 h5 12. Nf4 h4 13. Nxc6 bxc6 14. Qg4 hxg3 15. fxg3 Be7 16. Qg7 Rf8 17. Nh5 Qb6+ 18. Kh1 Qxb2 19. Nxf6+ Bxf6 20. Qxf6 Qxf6 21. Rxf6 Ke7 22. Raf1 Rb8 23. e5 Rb5 24. Be4 Rxe5 25. Bg6 Re1 26. Rxe1 Kxf6 27. Bh5 d5 28. Kg1 e5 29.
Rb1 Bf5 30. Rb6 Rc8 31. Bd1 e4 32. Kf2 Ke5 33. Rxa6 d4 34. g4 e3+ 35. Kg3 Be4 36.
Ra7 Bd5 37. Bf3 Be6 38. a4 c5 39. Ra5 Bd5 40. Ra7 f6 41. h4 Rb8 42. Ra6 Bxf3 43.
Kxf3 Rb2 44. h5 Rxc2 45. h6 Rh2 46. Rc6 Rxh6 47. Rxc5+ Kd6 48. Rc8 Rh2 49. Rd8+ Kc5 50. a5 Rf2+ 51. Kg3 Ra2 52. a6 Rxa6 53. Rc8+ Rc6 54. Rd8 Re6 55. Rc8+ Kd5 56. Rd8+ Kc4 57.
Kg2 e2 0-1

[Event "*** Titled Tuesday Blitz"]
[Site "Chess.com"]
[Date "2020.04.14"]
[Round "2"]
[White "elohunter1999"]
[Black "Sid_98"]
[Result "0-1"]
[WhiteElo "2461"]
[BlackElo "2718"]
[TimeControl "180+1"]
[EndTime "10:18:18 PDT"]
[Termination "Sid_98 won by resignation"]

1. e4 e5 2. Nf3 Nc6 3. Bb5 a6 4. Ba4 Nf6 5. O-O Be7 6. Re1 b5 7. Bb3 d6 8. c3 O-O 9. h3 Nb8 10. d4 Nbd7 11. Nbd2 Bb7 12. Bc2 Re8 13. Nf1 Bf8 14.
Ng3 g6 15. a4 Nb6 16. b3 bxa4 17. bxa4 a5 18. Bg5 h6 19. Bd2 Nc4 20. Bc1 Ba6 21. Bd3 Qc8 22. Qe2 Nb6 23. Ba3 Bxd3 24. Qxd3 Qa6 25. Qxa6 Rxa6 26. Bc1 Nfd7 27. Bd2 Nc4 28. Reb1 Bg7 29. d5 Nc5 30. Bc1 h5 31. h4 Raa8 32. Nd2 Nb6 33. Nb3 Nbxa4 34. Bd2 Reb8 35. Nxc5 Rxb1+ 36. Rxb1 Nxc5 37. Bc1 Bf6 38. f3 Bxh4 39. Nf1 Be1 40. Bd2 Bxd2 41. Nxd2 a4 42. Ra1 Rb8 43.
Nc4 Rb3 44. Ra3 Rxa3 45. Nxa3 f5 46. exf5 gxf5 47. Kf2 f4 48. Ke2 h4 49. Kd2 Kf8 50. Nb5 Ke7 51. Nxc7 a3 52. Kc2 a2 53. Kb2 Nd3+ 54. Kxa2 Ne1 55. c4 Nxg2 56. Ne6 h3 57. Ng7 h2 0-1

[Event "*** Titled Tuesday Blitz"]
[Site "Chess.com"]
[Date "2020.04.14"]
[Round "2"]
[White "norwaytoadog"]
[Black "NicoChasin"]
[Result "0-1"]
[WhiteElo "2246"]
[BlackElo "2502"]
[TimeControl "180+1"]
[EndTime "10:18:18 PDT"]
[Termination "NicoChasin won on time"]

1. e4 e5 2. Nf3 Nc6 3. Bb5 a6 4. Ba4 b5 5. Bb3 Be7 6. c3 Nf6 7. O-O O-O 8. Re1 d6 9. h3 Na5 10. Bc2 c5 11. d4 Nc6 12. Nbd2 cxd4 13. cxd4 Qc7 14. Nb3 Nb4 15. Bb1 a5 16. a3 Na6 17.
Be3 Bb7 18. d5 a4 19. Nbd2 Rfc8 20. Bd3 Qd7 21. Qe2 Nc7 22. Nh2 Ba6 23. Ng4 Nfe8 24. Qf3 b4 25. Bxa6 Nxa6 26. Qg3 Bf8 27. f4 exf4 28.
Bxf4 Rc2 29. Rad1 Rxb2 30. e5 dxe5 31. Bxe5 Ra2 32. Nc4 Kh8 33. Nb6 Bc5+ 34. Bd4 Bxb6 35. Bxb6 Rxa3 36. Qe5 Nd6 37. Bd4 Nf5 38. Nf6 Qc8 39. Rc1 Rc3 40. Rxc3 bxc3 41. Bxc3 a3 42. g4 Nh4 43. Qe4 Qc5+ 44. Bd4 Qd6 45. Be5 Qb4 46. Rf1 Qxe4 47. Nxe4 a2 48. d6 Nb4 49. d7 Nc6 50.
Ba1 Ng6 51. Nd6 Nge5 52. Nc8 Nxd7 0-1

[Event "*** Titled Tuesday Blitz"]
[Site "Chess.com"]
[Date "2020.04.14"]
[Round "2"]
[White "GM_RobertoMogranzini"]
[Black "Justinz"]
[Result "1-0"]
[WhiteElo "2509"]
[BlackElo "2278"]
[TimeControl "180+1"]
[EndTime "10:18:19 PDT"]
[Termination "GM_RobertoMogranzini won by resignation"]

1. e4 c5 2. Nf3 d6 3. Nc3 Nf6 4. e5 dxe5 5. Nxe5 a6 6. a4 e6 7. g3 Nbd7 8. Nc4 b6 9. Bg2 Rb8 10. O-O Bb7 11. d3 Bxg2 12. Kxg2 b5 13. axb5 axb5 14.
Na5 Qb6 15. Qf3 Bd6 16. Re1 O-O 17. Qc6 Ra8 18. Qxb6 Nxb6 19. Nxb5 Be7 20. Bd2 Rfc8 21. Nc4 Nbd5 22. Nbd6 Rcb8 23. Ne4 h6 24. b3 Nb4 25.
Bxb4 cxb4 26. Ra4 Rd8 27. Rea1 Rac8 28. Ra7 Bf8 29. Rb7 Rd7 30. Raa7 Rxb7 31. Rxb7 Ra8 32. Ned6 Ra2 33. Nxf7 Rxc2 34. h3 Nd5 35. Nfe5 Rc3 36.
Rb8 Nf6 37. Ng6 Nd7 38. Rd8 Kf7 39. Nce5+ Nxe5 40. Nxe5+ Ke7 41. Rb8 Kd6 42. Nc4+ Ke7 43. Rxb4 Kf6 44. Rb7 Be7 45. b4 Rxd3 46. b5 Rc3 47.
Ne3 Bc5 48. Kf3 Rb3 49. h4 h5 50. Ke4 Rb2 51. Kf3 Rb3 52. Rb8 g6 53. Rb7 Ke5 54. Rb8 Kf6 55. Ke4 Rb4+ 56. Kd3 Rb2 57. Kc4 Bxe3 58.
fxe3 Rg2 59. b6 Rxg3 60. b7 Rg4+ 61. Kc5 1-0

[Event "*** Titled Tuesday Blitz"]
[Site "Chess.com"]
[Date "2020.04.14"]
[Round "2"]
[White "AlexandraSamaganova"]
[Black "rozabaku"]
[Result "0-1"]
[WhiteElo "2165"]
[BlackElo "2431"]
[TimeControl "180+1"]
[EndTime "10:18:19 PDT"]
[Termination "rozabaku won by resignation"]

1. c4 Nf6 2. Nc3 d5 3. cxd5 Nxd5 4. Nf3 c5 5. e3 Nc6 6. d4 Nxc3 7. bxc3 e6 8. Bd3 Be7 9. O-O O-O 10. Bc2 b6 11. Qd3 g6 12. a3 a5 13. e4 Ba6 14. Qd2 Bxf1 15. Kxf1 cxd4 16. cxd4 Bf6 17. e5 Bg7 18. Be4 Rc8 19. Rb1 Ne7 20. Qb2 Nd5 21. Bd2 Rb8 22.
a4 Qd7 23. Qb3 Rfc8 24. g3 Qc6 25. Kg1 Qc4 26. Qxc4 Rxc4 27. Bxd5 exd5 28. Bxa5 Rxa4 29. Rxb6 Rxb6 30. Bxb6 Bh6 31. h4 Ra2 32. Ng5 Bf8 33. Nh3 Rb2 34. Ba5 Rb1+ 35. Kg2 Rd1 36. Bb6 Rb1 37. Ba5 Bb4 38. Bb6 Bc3 39. Bc5 Rd1 40. Kf3 Rh1 41. Nf4 Rb1 42. Nxd5 Ba5 43.
Nf6+ Kg7 44. h5 gxh5 45. Nxh5+ Kg6 46. Nf6 h5 47. Kf4 Bd2+ 48. Kf3 Rb3+ 49. Ke2 Rb2 50.
Kf3 Be1 51. Ne4 Kf5 52. Nd6+ Ke6 53. Ne4 Ra2 54. Bb6 Kd5 55. Nf6+ Kc6 56. Bc5 Rxf2+ 57.
Ke3 Rb2 58. Nxh5 Rb3+ 59. Ke4 Bf2 60. Nf6 Re3+ 61. Kf5 Bxg3 62. Ng4 Rf3+ 63. Ke4 Rf4+ 64. Ke3 Rxg4 65. Kf3 Rg8 66. Ke4 Rg4+ 67. Kf5 Rf4+ 68.
Kg5 Kd5 69. Bb6 Rxd4 70. Bxd4 Kxd4 71. e6 fxe6 0-1

[Event "*** Titled Tuesday Blitz"]
[Site "Chess.com"]
[Date "2020.04.14"]
[Round "2"]
[White "misha_chessone"]
[Black "Chessialist"]
[Result "0-1"]
[WhiteElo "2305"]
[BlackElo "2638"]
[TimeControl "180+1"]
[EndTime "10:18:20 PDT"]
[Termination "Chessialist won by resignation"]

1. d4 Nf6 2. c4 e5 3. dxe5 Ng4 4. Bf4 g5 5. Bd2 Nxe5 6. e3 Bg7 7. Nc3 Nbc6 8. Be2 d6 9. Nf3 g4 10. Nxe5 Nxe5 11. h3 h5 12. hxg4 hxg4 13. Rxh8+ Bxh8 14. Qc2 Be6 15. O-O-O Qf6 16. Nd5 Bxd5 17. cxd5 O-O-O 18. f4 gxf3 19. gxf3 Nxf3 20. Bc3 Qg5 21. Bxf3 Qxe3+ 22. Kb1 Qxf3 23. Bxh8 Rxh8 24. Rc1 c5 25. dxc6 bxc6 26.
Qxc6+ Qxc6 27. Rxc6+ Kd7 28. Ra6 f5 29. Rxa7+ Ke6 30.
Kc2 Rh2+ 31. Kc3 f4 32. Ra4 Ke5 33. Ra5+ d5 34. Ra8 d4+ 35. Kd3 Rh3+ 36. Kd2 Ke4 37. Re8+ Kf3 38. Rd8 Rh2+ 39. Kd3 Rxb2 40. a4 Ra2 41.
Rxd4 Kg3 42. Ke4 f3 43. Rd3 Rxa4+ 44. Ke3 Ra8 45. Kd2 Re8 46. Rc3 Kg2 47. Rc6 f2 48.
Rg6+ Kf1 49. Rg7 Re5 50. Rg6 Re8 51. Rg7 Rd8+ 52. Kc2 Rd5 53. Rg6 Ke2 54. Re6+ Kf3 55. Rf6+ Ke3 56. Re6+ Kf4 57. Rf6+ Rf5 58. Rxf5+ Kxf5 0-1

[Event "*** Titled Tuesday Blitz"]
[Site "Chess.com"]
[Date "2020.04.14"]
[Round "2"]
[White "Frolyanov_D"]
[Black "rynos0411"]
[Result "1-0"]
[WhiteElo "2769"]
[BlackElo "2412"]
[TimeControl "180+1"]
[EndTime "10:18:21 PDT"]
[Termination "Frolyanov_D won by resignation"]

1. d4 Nf6 2. c4 e6 3. Nc3 Bb4 4. e3 d5 5. Bd2 O-O 6. Nf3 b6 7. cxd5 Nxd5 8. Bd3 Bb7 9. O-O Nxc3 10. bxc3 Be7 11.
e4 c5 12. Qe2 Nc6 13. Be3 cxd4 14. cxd4 Rc8 15. a3 h6 16. Rfd1 Qc7 17. Rac1 Qb8 18. Qb2 Qa8 19. d5 exd5 20. exd5 Bf6 21. Qe2 Na5 22. Be4 Rxc1 23. Bxc1 Nb3 24. Bf4 Nc5 25. Bd6 Re8 26. Bxc5 bxc5 27. Qd3 Qd8 28. h3 Qd6 29. Qb5 Re7 30. Bc2 a6 31. Qd3 g6 32. h4 h5 33. Ng5 Bxg5 34. hxg5 Re5 35.
Qg3 c4 36. Kh2 Bxd5 37. Re1 Re6 38. Qxd6 Rxd6 39. Re7 Be6 40. f4 Rd2 41. Be4 c3 42.
Rc7 c2 43. Rxc2 Rxc2 44. Bxc2 Kf8 45. Kg3 Ke7 46. Kf2 Kd6 47. Ke3 Kc5 48. g3 Kc4 49. Bd3+ Kc3 50. Bxa6 Kb2 51. a4 Ka3 52. Bb5 Kb4 53.
Be8 Ka5 54. Kd4 Kb4 55. Ke5 Ka5 56. Kf6 h4 57. gxh4 1-0

[Event "*** Titled Tuesday Blitz"]
[Site "Chess.com"]
[Date "2020.04.14"]
[Round "2"]
[White "2165149677570"]
[Black "Dhaydon19"]
[Result "0-1"]
[WhiteElo "2303"]
[BlackElo "2631"]
[TimeControl "180+1"]
[EndTime "10:18:21 PDT"]
[Termination "Dhaydon19 won by resignation"]

1. e4 c6 2. d4 d5 3. e5 Bf5 4. Nf3 e6 5. Be2 c5 6. O-O Nc6 7. Nbd2 cxd4 8. Nb3 Nge7 9. Nbxd4 Bg6 10. c3 a6 11. Qb3 Qc7 12. Bf4 Nf5 13. Nxf5 Bxf5 14. c4 d4 15. Bd3 Bxd3 16. Qxd3 Bc5 17. a3 a5 18. Rae1 h6 19. h4 Rd8 20. g3 a4 21. Nd2 Be7 22. Nf3 Na5 23. Nxd4 Qxc4 24. Qxc4 Nxc4 25. Nb5 O-O 26. Nd6 Nxd6 27. exd6 Bxd6 28.
Bxd6 Rxd6 29. Re4 b5 30. Rb4 Rb6 31. Rc1 Rfb8 32. Rc5 Kf8 33. Kf1 Ke7 34. Ke2 Kd6 35.
Rc3 Rc6 36. Rd3+ Kc7 37. Rd2 Rc4 38. Rxc4+ bxc4 39. Ke3 Kc6 40. Rc2 Kc5 41. Ke4 Rd8 42.
Ke3 Rd3+ 43. Ke2 f6 44. Rc3 Rxc3 45. bxc3 e5 46. Ke3 f5 47. Kf3 Kd5 48. Ke3 g6 49.
Kf3 e4+ 50. Ke3 Ke5 51. f4+ exf3 52. Kxf3 g5 53. hxg5 hxg5 54. Ke3 f4+ 55. gxf4+ gxf4+ 56. Kf3 Kf5 57. Kf2 Ke4 58. Ke2 f3+ 59. Kf2 Kd3 60. Kxf3 Kxc3 61. Ke3 Kb2 62. Kd2 c3+ 0-1

[Event "*** Titled Tuesday Blitz"]
[Site "Chess.com"]
[Date "2020.04.14"]
[Round "2"]
[White "PowerThinking2650"]
[Black "Usurpov"]
[Result "1/2-1/2"]
[WhiteElo "2187"]
[BlackElo "2432"]
[TimeControl "180+1"]
[EndTime "10:18:21 PDT"]
[Termination "Game drawn by repetition"]

1. e4 c5 2. Nf3 e6 3. Nc3 Nc6 4. d4 cxd4 5. Nxd4 Nf6 6. Ndb5 d6 7. Bf4 e5 8. Bg5 a6 9. Na3 Be6 10. Nc4 Rb8 11. Ne3 Be7 12. Bxf6 Bxf6 13. Ncd5 Bg5 14. c3 O-O 15. Bc4 b5 16. Bb3 a5 17. a3 g6 18. h4 Bxe3 19. Nxe3 Bxb3 20. Qxb3 b4 21. axb4 axb4 22. Qc4 Qd7 23. Nd5 Kg7 24. h5 bxc3 25. hxg6 fxg6 26. bxc3 Rb2 27. O-O Ne7 28. Ra6 Nxd5 29.
Qxd5 Rf6 30. c4 Qc7 31. Rc6 Qe7 32. c5 dxc5 33. Rxc5 Re6 34. Qc4 Rb7 35. Qc3 Qf6 36.
Rc8 Rf7 37. Qh3 Qf4 38. f3 Qe3+ 39. Kh2 Ref6 40. Rfc1 Qf4+ 41. Qg3 Qh6+ 42. Kg1 Qf4 43. Qxf4 Rxf4 44. R1c5 Re7 45. R8c7 Rff7 46. Rxe7 Rxe7 47.
Kf2 Kf6 48. Ke3 Ke6 49. Rc6+ Kf7 50. Rd6 Re6 51. Rxe6 Kxe6 52. g3 h5 53. f4 Kf6 54.
Kf3 Ke6 55. Ke3 Kf6 56. Kf3 Ke6 57. Ke3 1/2-1/2

[Event "*** Titled Tuesday Blitz"]
[Site "Chess.com"]
[Date "2020.04.14"]
[Round "2"]
[White "ulkaf961"]
[Black "grandcoach"]
[Result "1-0"]
[WhiteElo "2371"]
[BlackElo "1810"]
[TimeControl "180+1"]
[EndTime "10:18:21 PDT"]
[Termination "ulkaf961 won by checkmate"]

1. b3 d5 2. Bb2 c5 3. g3 Nc6 4. Bg2 Nf6 5. Nf3 g6 6. O-O Bg7 7.
d3 O-O 8. Nbd2 Qc7 9. e4 d4 10.
Nh4 e5 11. h3 Ne8 12. f4 exf4 13. gxf4 f5 14. exf5 Qe7 15. Bd5+ Kh8 16. Ng2 Bxf5 17. Re1 Qd7 18. Qf3 Bxh3 19. Nc4 Bg4 20. Bxc6 bxc6 21.
Qg3 Be6 22. Ne5 Bxe5 23. fxe5 Bd5 24. Bc1 Ng7 25. Bg5 Nf5 26. Qh3 Qf7 27. Bf6+ Kg8 28. Nf4 Rae8 29. Re2 Qxf6 30. exf6 Rxe2 31. Nxe2 Rxf6 32.
Rf1 Re6 33. Nf4 Re3 34. Qg4 Rg3+ 35. Qxg3 Nxg3 36. Re1 Bf3 37. Kf2 Bg4 38. Kxg3 Bf5 39. Re7 h5 40. Rxa7 Bg4 41. Kh4 g5+ 42. Kxg5 Bd1 43.
Kg6 Kf8 44. Kf6 Ke8 45. Ng6 Kd8 46. Ne5 Bxc2 47. Ke6 h4 48. Kd6 Kc8 49. Kxc6 Kb8 50. Kb6 h3 51. Nc6+ Kc8 52. Rc7# 1-0

[Event "*** Titled Tuesday Blitz"]
[Site "Chess.com"]
[Date "2020.04.14"]
[Round "2"]
[White "atalz0"]
[Black "Kirill_Klukin"]
[Result "0-1"]
[WhiteElo "2390"]
[BlackElo "2726"]
[TimeControl "180+1"]
[EndTime "10:18:22 PDT"]
[Termination "Kirill_Klukin won on time"]

1. d4 Nf6 2. c4 Nc6 3. Nf3 e6 4.
Nc3 Bb4 5. Qc2 d6 6. Bd2 O-O 7. a3 Bxc3 8. Bxc3 a5 9. e3 Qe7 10. Be2 e5 11. dxe5 dxe5 12. h3 b6 13. O-O Bb7 14. Rfd1 Rfd8 15. Rxd8+ Rxd8 16. Rd1 Nd7 17. Bd3 g6 18. Be4 f6 19. h4 Kg7 20. h5 Nf8 21. Rxd8 Nxd8 22. Bxb7 Nxb7 23. Qe4 Nc5 24. Qh4 Na4 25.
Bxe5 Nd7 26. Bxc7 Nxb2 27. hxg6 hxg6 28. Qd4 Na4 29. Ng5 Nac5 30. Bd6 Qe8 31. Bxc5 Nxc5 32. Nf3 Qe7 33. Qd5 Ne6 34. Nd4 Nxd4 35. Qxd4 Qxa3 36. Qxb6 Qa1+ 37. Kh2 Qe5+ 38. f4 Qh5+ 39. Kg3 Qe2 40. c5 Qxe3+ 41. Kh2 Qxf4+ 42. g3 Qf2+ 43. Kh3 a4 44. Qc7+ Kh6 45. Qf4+ Qxf4 46. gxf4 a3 47. c6 a2 48. c7 a1=Q 49. c8=Q Qf1+ 50. Kg3 Qg1+ 51.
Kf3 Qh1+ 52. Kg3 Qe1+ 53. Kf3 Qd1+ 54. Kg3 Qd3+ 55. Kg2 Qe4+ 56. Kg3 Qe3+ 57. Kg4 f5+ 0-1

[Event "*** Titled Tuesday Blitz"]
[Site "Chess.com"]
[Date "2020.04.14"]
[Round "2"]
[White "ChessAintFun"]
[Black "eightbyeightchess"]
[Result "0-1"]
[WhiteElo "2531"]
[BlackElo "2329"]
[TimeControl "180+1"]
[EndTime "10:18:22 PDT"]
[Termination "eightbyeightchess won by resignation"]

1. e4 e6 2. d4 d5 3. e5 c5 4. c3 Qb6 5. Nf3 Bd7 6. Be2 Bb5 7. O-O Bxe2 8. Qxe2 cxd4 9. cxd4 Nc6 10. Be3 Nge7 11. Na3 a6 12. Nc2 Nf5 13. a3 Be7 14. g4 Nxe3 15.
fxe3 f6 16. exf6 gxf6 17. e4 O-O-O 18. exd5 exd5 19. a4 Rhg8 20. Kh1 Kb8 21. a5 Qc7 22. b4 Rxg4 23. b5 axb5 24. a6 b6 25. Qxb5 Na7 26.
Qe2 Bd6 27. Rac1 Qf7 28. Ne3 Re4 29. Ng5 Qe7 30. Nxe4 Qxe4+ 31. Rf3 Qxd4 32. Nf5 Qe4 33. Qxe4 dxe4 34. Rb3 Bc7 35. Re1 Re8 36. Kg2 Nc6 37.
Rc1 Ne5 38. Rbc3 Rg8+ 39. Kf1 Bd8 40. Nd6 Ka7 41. Ra3 Be7 42. Nb5+ Ka8 43. Nc7+ Ka7 44. Nb5+ Ka8 45. Rac3 Bc5 46. Rxc5 bxc5 47. Rxc5 Nd3 48. Rc7 Nb4 49. a7 e3 50. Ke2 Re8 51. Nd6 Re6 52. Nb5 Re8 53. Nd6 Re6 54. Nf5 Nd5 55. Rc8+ Kxa7 56.
Kf3 e2 57. Nd4 e1=Q 58. Nxe6 Qxe6 59. Rc4 Qf5+ 60. Ke2 Nf4+ 61. Kd2 Qd3+ 0-1

[Event "*** Titled Tuesday Blitz"]
[Site "Chess.com"]
[Date "2020.04.14"]
[Round "2"]
[White "kuba2006"]
[Black "IAgrest"]
[Result "0-1"]
[WhiteElo "2456"]
[BlackElo "2242"]
[TimeControl "180+1"]
[EndTime "10:18:22 PDT"]
[Termination "IAgrest won by checkmate"]

1. e4 e5 2. Nf3 Nc6 3. Bb5 a6 4. Ba4 Nf6 5. O-O Bc5 6. Re1 b5 7. Bb3 d6 8. c3 Bg4 9. d3 Kf8 10. Nbd2 g6 11. Nf1 Kg7 12. h3 Bd7 13. Qd2 h6 14. a3 Nh5 15. d4 Bb6 16. Bd5 Qf6 17.
dxe5 dxe5 18. Qe2 Rad8 19. N3h2 Ne7 20. Bb3 c5 21. Ng4 Bxg4 22. hxg4 Nf4 23. Bxf4 Qxf4 24.
g3 Qf6 25. a4 c4 26. Bc2 h5 27. axb5 axb5 28. Nh2 h4 29. Nf1 hxg3 30. Nxg3 Rh3 31. Kg2 Rdh8 32. Rh1 Rxh1 33. Rxh1 Rxh1 34. Nxh1 Qf4 35.
Ng3 Qc1 36. b3 Nc6 37. bxc4 bxc4 38. Ba4 Na5 39. Qf3 Nb3 40. Be8 f6 41. g5 Qxg5 42. Qe2 Nd2 43. Bb5 Qf4 44. f3 Nb1 45. Bxc4 Nxc3 46.
Qb2 Bd4 47. Qc2 Qe3 48. Qb3 Qg1+ 49. Kh3 Nd1 50. Qb7+ Kh6 51. Kh4 Qh2+ 52. Kg4 Nf2# 0-1

[Event "*** Titled Tuesday Blitz"]
[Site "Chess.com"]
[Date "2020.04.14"]
[Round "2"]
[White "dragos420"]
[Black "mattcolins2025"]
[Result "1/2-1/2"]
[WhiteElo "2502"]
[BlackElo "2294"]
[TimeControl "180+1"]
[EndTime "10:18:23 PDT"]
[Termination "Game drawn by stalemate"]

1. e4 c5 2. Nf3 e6 3. d4 cxd4 4. Nxd4 Nc6 5. Nc3 Qc7 6. Be3 a6 7. a3 Nf6 8. f4 d6 9. Bd3 Be7 10.
Qf3 Bd7 11. O-O Nxd4 12. Bxd4 e5 13. Be3 exf4 14. Bxf4 Bc6 15. Kh1 O-O 16. Rae1 b5 17.
Bg5 Rab8 18. Qg3 Ne8 19. Bf4 Bf6 20. e5 dxe5 21. Bxe5 Bxe5 22. Rxe5 Rb7 23. Rfe1 Nf6 24. Qh4 h6 25. R5e3 Rbb8 26. Rg3 Kh8 27. Rf1 Nh7 28. Qg4 Rg8 29. Qf5 Nf6 30. Rh3 Qd6 31. Ne2 Bd7 32.
Qf3 Bxh3 33. Qxh3 Rbe8 34. Ng3 Nh7 35. Qf5 Qg6 36. Qd7 Qe6 37. Qd4 Qe5 38. Qb6 Qe6 39. Qc5 Qe5 40. Qb4 Qe6 41. Nf5 Qf6 42. Nd6 Qe6 43. Nxe8 Rxe8 44. Qf4 f5 45. Bxf5 Qf6 46. Bd3 Qxf4 47. Rxf4 Re1+ 48. Rf1 Rxf1+ 49. Bxf1 Nf6 50. c3 Nd7 51. a4 g5 52. axb5 Kg7 53. bxa6 Kf6 54.
a7 Nb6 55. Ba6 Na8 56. Bb7 Nc7 57. a8=Q Nxa8 58. Bxa8 Ke5 59. Bf3 Kd6 60. h3 Kc5 61. Kh2 Kc4 62. Kg3 Kb3 63. Kg4 Kxb2 64. Kh5 Kxc3 65. Kxh6 Kd4 66. Kxg5 Ke3 67. h4 Kf2 68. h5 Kg3 69. h6 Kf2 70. h7 Kg3 71. h8=Q Kf2 72. Qb2+ Kg3 73. Qc1 Kh2 74. Kf4 1/2-1/2

[Event "*** Titled Tuesday Blitz"]
[Site "Chess.com"]
[Date "2020.04.14"]
[Round "2"]
[White "Kotofeyca"]
[Black "NastaJ"]
[Result "1-0"]
[WhiteElo "2376"]
[BlackElo "1951"]
[TimeControl "180+1"]
[EndTime "10:18:23 PDT"]
[Termination "Kotofeyca won on time"]

1. d4 Nf6 2. c4 e6 3. Nf3 b6 4. g3 Bb7 5. Bg2 Be7 6. Nc3 d5 7. cxd5 exd5 8. O-O O-O 9. Bf4 Nbd7 10. Rc1 c5 11.
Nb5 Ne4 12. dxc5 bxc5 13. Nc7 Rc8 14. Nxd5 Bxd5 15. Qxd5 Ndf6 16. Qxd8 Rfxd8 17. Rfd1 Rxd1+ 18. Rxd1 Ng4 19. Rf1 Bf6 20. h3 Ngxf2 21. Rxf2 Nxf2 22. Kxf2 Bxb2 23. Ne1 c4 24. Be4 c3 25. Bc2 Ba3 26. Nd3 h6 27. e4 Kf8 28. Ke2 Ke7 29. Be5 f6 30. Bd4 a6 31. Nf4 Bd6 32. Nd5+ Kf7 33. g4 Be5 34. Bxe5 fxe5 35. Kd3 Kg6 36. Nxc3 Kg5 37.
Nd5 Kh4 38. Ne7 Rd8+ 39. Ke3 Kxh3 40. Nf5 Kxg4 41. Nxg7 h5 42. Bb3 h4 43. Be6+ Kg3 44. Nf5+ Kg4 45. Ne7+ Kg3 46. Nc6 Rf8 47. Bf5 h3 48. Bxh3 Kxh3 49. Nxe5 Rg8 50. Kd4 Rg2 51. a3 Ra2 52. Nc4 Kg4 53. e5 Kf5 54. Kd5 Ra1 55. Nd6+ 1-0

[Event "*** Titled Tuesday Blitz"]
[Site "Chess.com"]
[Date "2020.04.14"]
[Round "2"]
[White "Sam_ChessMood"]
[Black "ZiggyStardust64"]
[Result "1/2-1/2"]
[WhiteElo "2907"]
[BlackElo "2611"]
[TimeControl "180+1"]
[EndTime "10:18:24 PDT"]
[Termination "Game drawn by repetition"]

1. e4 c6 2. d4 d5 3. e5 c5 4.
dxc5 e6 5. Bd3 Nd7 6. Nf3 Nxc5 7.
O-O Ne7 8. Re1 Nxd3 9. Qxd3 Bd7 10. c4 Rc8 11. Nbd2 Bc6 12. b3 dxc4 13. Qxd8+ Rxd8 14. Nxc4 Ng6 15. Bg5 Rd7 16. Rad1 Bd5 17. Ne3 Bxf3 18. gxf3 Nxe5 19. Rxd7 Nxf3+ 20. Kf1 Kxd7 21. Rd1+ Bd6 22. Bf4 e5 23. Nc4 exf4 24. Nxd6 Kc6 25. Nxf7 Rf8 26. Nd8+ Kb6 27. Ne6 Rf7 28. Rd6+ Kb5 29. Ke2 Nxh2 30. Rd5+ Kc6 31. Rh5 Re7 32. Rxh2 Rxe6+ 33. Kf3 h6 34. Kxf4 Rf6+ 35. Ke5 a5 36. f4 Kb5 37. f5 Kb4 38. Rh4+ Kc3 39. Rh3+ Kb2 40. a4 Ka3 41. Rg3 Rf7 42.
Ke6 Rc7 43. Rh3 Kb4 44. Rg3 b6 45. Rf3 Ka3 46. Rg3 Kb2 47. Rf3 Kc2 48. Rg3 Kd2 49.
Rf3 Ke2 50. Rg3 Kf2 51. Rd3 Ke2 52. Rg3 Kd2 53. Kd6 Rf7 54. Ke6 Rf6+ 55. Ke5 Rf7 56. Ke6 Rc7 1/2-1/2